 Dungeon Crawl Stone Soup version 0.26-a0-519-gb2f46efeda (webtiles) character file.

Game seed: 16198876207203182784

39 ReteAZ the Cudgeler (level 3, 0/29 HPs)
             Began as a Human Chaos Knight on Aug 11, 2020.
             Was a Plaything of Xom.
             Slain by a gnoll
             ... wielding a +3 flail
              (2 damage)
             ... on level 1 of the Dungeon.
             The game lasted 00:00:51 (795 turns).

ReteAZ the Cudgeler (Human Chaos Knight)             Turns: 795, Time: 00:00:51

Health: 0/29       AC:  7    Str: 13    XL:     3   Next: 70%
Magic:  3/3        EV: 11    Int: 12    God:    Xom [..*...]
Gold:   61         SH:  0    Dex: 12    Spells: 2/2 levels left

rFire    . . .     SeeInvis .   a - +0 mace (chaos)
rCold    . . .     Faith    .   (no shield)
rNeg     . . .     Spirit   .   b - +2 leather armour
rPois    .         Reflect  .   (no helmet)
rElec    .         Harm     .   (no cloak)
rCorr    .                      h - +1 pair of gloves
MR       .....                  (no boots)
Stlth    +.........             (no amulet)
HPRegen  0.09/turn              (no ring)
MPRegen  0.08/turn              (no ring)

@: brilliant
A: no striking features
a: Renounce Religion


You were on level 1 of the Dungeon.
You worshipped Xom.
You were a toy of Xom.
You visited 1 branch of the dungeon, and saw 2 of its levels.

You collected 61 gold pieces.

Inventory:

Hand Weapons
 a - a +0 mace of chaos (weapon)
Armour
 b - a +2 leather armour (worn)
 h - a +1 pair of gloves (worn)
Scrolls
 c - 2 scrolls of blinking {unknown}
 d - 2 scrolls of noise {unknown}
 g - a scroll of enchant armour {unknown}
 j - 2 scrolls of magic mapping {unknown}
 k - a scroll of identify {unknown}
Potions
 e - 3 potions of curing {unknown}
 f - 3 potions of stabbing {unknown}
 i - a potion of resistance {unknown}


   Skills:
 + Level 3.3 Fighting
 * Level 3.6 Maces & Flails
 + Level 2.4 Armour
 + Level 1.6 Dodging


You had 2 spell levels left.
You didn't know any spells.
Your spell library was empty.

Dungeon Overview and Level Annotations

Branches:
Dungeon (2/15)

Altars:


Message History

The bat barely misses you. The bat hits you.
* * * LOW HITPOINT WARNING * * *
The bat hits you but does no damage. The bat hits you but does no damage.
The bat barely misses you. The bat hits you but does no damage.
The bat closely misses you. The bat hits you but does no damage.
The bat hits you but does no damage. The bat hits you but does no damage.
The ground is no longer liquid beneath you.
There is a stone staircase leading up here.
The gnoll closely misses you.
You climb upwards.
There is a stone staircase leading down here.
You closely miss the gnoll. The gnoll hits you with a +3 flail.
* * * LOW HITPOINT WARNING * * *
You hit the gnoll.
You feel better.
The gnoll is moderately wounded.
The gnoll hits you with a +3 flail.
You die...

#.....>...........
##.................
#........###.......
#........# #.......
#........# #.......
#........###.......
#..........).......
#.........(.#######
#.@g.....()('......
#.......(.(.#######
###รท.....(..#
#.......###
#.......# #.......#
#.......########
#..............#
#...)..........##


You could see a gnoll.

Vanquished Creatures
  A gnoll (D:2)
  A worm (D:2)
  A dart slug (D:1)
  2 giant cockroaches (D:1)
  A goblin (D:1)
  A hobgoblin (D:2)
  4 jackals (D:1)
  4 bats (D:1)
  3 frilled lizards
  3 kobolds (D:1)
  4 rats (D:1)
25 creatures vanquished.

Notes
Turn   | Place    | Note
-------+----------+-------------------------------------------
     0 | D:1      | ReteAZ the Human Chaos Knight began the quest for the Orb.
     0 | D:1      | Reached XP level 1. HP: 18/18 MP: 1/1
    83 | D:1      | Reached XP level 2. HP: 24/24 MP: 2/2
    86 | D:1      | XOM: silly message
   294 | D:1      | Reached XP level 3. HP: 28/29 MP: 3/3
   294 | D:1      | XOM: cast spell 'Summon Small Mammal'
   429 | D:1      | XOM: divination: detect creatures
   453 | D:1      | XOM: silly message
   760 | D:2      | XOM: divination: detect items
   774 | D:2      | XOM: potion effect (brilliance)
   776 | D:2      | XOM: divination: magic mapping
   778 | D:2      | XOM: cast spell 'Leda's Liquefaction'
   794 | D:1      | HP: 1/29 [gnoll/+3 flail (5)]
   795 | D:1      | Slain by a gnoll

Illustrated notes

Levels and vault maps discovered:
D:1:      lightli_arrival_statuegarden, layout_basic
D:2:      layout_rooms, minivault_25

Action                   || total
-------------------------++-------
Melee: Mace              ||    68
Armor: Leather armour    ||    62
Dodge: Dodged            ||    73

Table legend: (Time is in decaauts)
 A = Elapsed time spent in this place.
 B = Non-inter-level travel time spent in this place.
 C = Inter-level travel time spent in this place.
 D = Time resting spent in this place.
 E = Time spent auto-exploring this place.
 F = Levels seen in this place.
 G = Mean time per level.
                   A        B        C        D        E       F      G
               +--------+--------+--------+--------+--------+-----+--------+
         Total |    813 |    798 |     15 |      0 |    596 |   2 |  406.5 |
       Dungeon |    813 |    798 |     15 |      0 |    596 |   2 |  406.5 |
               +--------+--------+--------+--------+--------+-----+--------+

Top non-repeatable levels by time:
     D:1: 512 daAuts
     D:2: 301 daAuts
